 Dungeon Crawl Stone Soup version 0.32-a0-859-gb0a091d592 (webtiles) character file.

Game seed: 14669788301248520889

891 bmack86 the Cleaver (level 7, -2/85 HPs)
             Began as a Minotaur Fighter on Mar 28, 2024.
             Succumbed to a scorpion's poison
             ... on level 5 of the Dungeon.
             The game lasted 00:08:31 (2992 turns).

bmack86 the Cleaver (Minotaur Fighter)              Turns: 2992, Time: 00:08:31

Health: -2/85      AC: 11    Str: 29    XL:     7   Next: 78%
Magic:  6/6        EV:  7    Int:  5    God:
Gold:   229        SH:  5    Dex: 15    Spells: 6/6 levels left

rFire   . . .        a - +0 war axe
rCold   + . .        c - +0 buckler
rNeg    . . .        d - +1 chain mail {rC+}
rPois   .            (helmet restricted)
rElec   .            x - +0 cloak
rCorr   .            (no gloves)
SInv    .            (no boots)
Will    .....        (no amulet) Stlth
                     i - +6 ring of dexterity
HPRegen 0.34/turn    p - +6 ring of strength
MPRegen 0.10/turn

%: no passive effects
@: berserking, lethally poisoned (-2 -> -17), very quick
A: horns 2, retaliatory headbutt
a: no special abilities


You were on level 5 of the Dungeon.
You visited 1 branch of the dungeon, and saw 5 of its levels.

You collected 229 gold pieces.

Inventory:

Hand Weapons
 a - a +0 war axe (weapon)
Armour
 b - a +0 scale mail
 c - a +0 buckler (worn)
 d - a +1 chain mail of cold resistance (worn)
 f - a +0 chain mail
 x - a +0 cloak (worn)
Jewellery
 i - a +6 ring of dexterity (left hand)
 p - a +6 ring of strength (right hand)
Wands
 y - a wand of flame (5) (quivered)
 z - a wand of polymorph (7)
Scrolls
 k - a scroll of amnesia
 n - a scroll of torment
 q - 2 scrolls of teleportation
 s - a scroll of fear {unknown}
 t - a scroll of blinking
 u - a scroll of poison {unknown}
 v - a scroll of vulnerability {unknown}
 w - a scroll of immolation {unknown}
Potions
 e - a potion of haste
 g - a potion of berserk rage
 h - 2 potions of magic
 j - a potion of ambrosia
 l - 2 potions of mutation
 o - a potion of resistance
 r - a potion of invisibility


   Skills:
 - Level 3.6 Fighting
 + Level 10.3 Axes
 - Level 3.6 Armour
 - Level 5.0 Shields


You had 6 spell levels left.
You didn't know any spells.
Your spell library was empty.

Dungeon Overview and Level Annotations

Branches:
Dungeon (5/15)             Temple (0/1) D:5

Altars:
Trog
Xom

Shops:
D:1 [


Innate Abilities, Weirdness & Mutations

You have a pair of horns on your head.
You reflexively headbutt those who attack you in melee.


Message History

Beogh smites you!
* * * LOW HITPOINT WARNING * * *
You hit the scorpion.
The scorpion is lightly wounded.
You feel sick. You block the scorpion's attack.
The scorpion stings you but does no damage.
You closely miss the scorpion. You headbutt the scorpion.
The scorpion is moderately wounded.
You closely miss the orc priest.
You feel sick. The scorpion stings you.
* * * LOW HITPOINT WARNING * * *
You are lethally poisoned!
The scorpion poisons you! You block the orc priest's attack.
A red film seems to cover your vision as you go berserk!
You feel yourself moving faster!
You feel mighty!
* * * LOW HITPOINT WARNING * * *
You feel very sick. The scorpion stings you.
* * * LOW HITPOINT WARNING * * *
You are more poisoned.
The scorpion poisons you!
The orc priest hits you with a +0 dagger.
* * * LOW HITPOINT WARNING * * *
The orc priest threatens, "Beogh's wrath is as vast as their mercy.
Make your choice!"
The orc priest threatens, "Beogh's wrath is as vast as their mercy.
Make your choice!"
You hit the scorpion.
The scorpion is moderately wounded.
You slash the orc priest!
* * * LOW HITPOINT WARNING * * *
You feel very sick.
The scorpion stings you but does no damage.
You closely miss the scorpion.
The scorpion is moderately wounded.
You slice the orc priest!!
You kill the orc priest!
* * * LOW HITPOINT WARNING * * *
You feel very sick.
The scorpion stings you but does no damage.
You hit the scorpion but do no damage.
The scorpion is moderately wounded.
You die...

,* *,*
###<.)....#.#.#****
,*****,*
#######...#.#..,,,*
,,,,,,,*
#######.#.#$###**,*
,*******
#####>#.#.#.### *,*
,***
###[......#.### *,*
,,<*
####........### *,*
****
####........###**,*
####...s)..!...**,*
####...@<...##.**,*
*****
#........#*,**,*
,,,,*
#.......##*,,,,*
,,,,* ######+##
****,* ,,,,* *,*
*** ,,,,***
******+********
,,,,,,*
*,,,,,,,,,,,,,*
***,,,*
*,,,,,,,,,,,,,*
,,,,,,*
*,,,,,,,,,,,,,*


You could see a scorpion.

Vanquished Creatures
  Duvessa (D:4)
  An ice beast (D:5)
  4 scorpions (D:4)
  Dowan (D:4)
  2 bombardier beetles (D:4)
  2 hounds (D:4)
  A jelly (D:4)
  Crazy Yiuf (D:4)
  An orc priest (D:5)
  Ijyb (D:5)
  Robin (D:4)
  4 gnolls (D:4)
  3 adders (D:3)
  3 ribbon worms
  3 orcs (D:3)
  4 bats
  6 endoplasms
  5 giant cockroaches
  12 goblins
  16 hobgoblins
  5 jackals
  9 kobolds
  2 quokkas
  2 ball pythons
  4 frilled lizards
  5 rats
99 creatures vanquished.

Notes
Turn   | Place    | Note
-------+----------+-------------------------------------------
     0 | D:1      | bmack86 the Minotaur Fighter began the quest for the Orb.
     0 | D:1      | Reached XP level 1. HP: 19/19 MP: 0/0
    75 | D:1      | Found Pemyciec's Armour Emporium.
   119 | D:1      | Reached XP level 2. HP: 26/26 MP: 1/1
   386 | D:1      | Reached skill level 3 in Axes
   741 | D:2      | Reached XP level 3. HP: 31/31 MP: 2/2
  1555 | D:3      | Found a shimmering altar of Xom.
  1560 | D:3      | Reached skill level 5 in Shields
  1663 | D:3      | Reached skill level 4 in Axes
  1663 | D:3      | Reached XP level 4. HP: 39/39 MP: 3/3
  2019 | D:4      | Noticed a scorpion
  2023 | D:4      | Killed a scorpion
  2024 | D:4      | Reached skill level 5 in Axes
  2024 | D:4      | Reached XP level 5. HP: 45/45 MP: 4/4
  2031 | D:4      | Found a bloodstained altar of Trog.
  2038 | D:4      | Reached skill level 6 in Axes
  2069 | D:4      | Identified the +3 dagger of Otameh {antimagic, *Corrode
                  | +Blink rElec}
  2094 | D:4      | Reached skill level 7 in Axes
  2094 | D:4      | Reached XP level 6. HP: 37/51 MP: 5/5
  2302 | D:4      | Reached skill level 8 in Axes
  2480 | D:4      | Reached XP level 7. HP: 54/57 MP: 6/6
  2492 | D:4      | Noticed Duvessa
  2497 | D:4      | Noticed Dowan
  2497 | D:4      | Killed Duvessa
  2498 | D:4      | Reached skill level 9 in Axes
  2501 | D:4      | Killed Dowan
  2585 | D:4      | Found a runed translucent door.
  2586 | D:4      | Noticed Crazy Yiuf
  2597 | D:4      | Killed Crazy Yiuf
  2713 | D:4      | Noticed Robin
  2738 | D:4      | Killed Robin
  2864 | D:5      | Entered Level 5 of the Dungeon
  2864 | D:5      | Noticed Ijyb
  2870 | D:5      | Killed Ijyb
  2880 | D:5      | Reached skill level 10 in Axes
  2977 | D:5      | Found a staircase to the Ecumenical Temple.
  2990 | D:5      | HP: 4/85 [poisoned by a scorpion]
  2991 | D:5      | HP: 1/85 [poisoned by a scorpion]
  2992 | D:5      | Succumbed to a scorpion's poison

Illustrated notes

Levels and vault maps discovered:
D:1:      orjb1_clovarrival, layout_rooms, serial_shops, shop, serial_forest,
          infiniplex_forest_end_2, infiniplex_forest_straight_4,
          infiniplex_forest_clump_long, infiniplex_forest_straight_1,
          infiniplex_forest_zigzag_2, minmay_misc_feat_plants, minivault_26,
          minivault_19, serial_bayou_pond_d, corner_web_ring
D:2:      layout_basic
D:3:      layout_rooms, xom_butterflies
D:4:      layout_rooms, bloody_trog, item_on_display_a, uniq_robin,
          uniq_crazy_yiuf_cottage, uniq_duvessa
D:5:      layout_basic, minmay_temple_entry_proselytizer, uniq_ijyb

Skill      XL: |  1  2  3  4  5  6  7 |
---------------+----------------------+-----
Shields        | 4 5 |  5.0
Axes           | 3 4 5 7 8 10 | 10.3
Fighting       | |  3.6
Armour         | |  3.6

Action                     |  1- 3 |  4- 6 |  7- 9 || total
---------------------------+-------+-------+-------++-------
  Melee: War axe           |   129 |    65 |    41 ||   235
         Headbutt          |    35 |    12 |     7 ||    54
  Evoke: Wand              |       |       |     8 ||     8
    Use: Scroll            |     6 |     3 |     3 ||    12
         Potion            |       |       |     2 ||     2
 Armour: Scale mail        |     6 |       |       ||     6
         Chain mail        |    65 |    49 |    27 ||   141
  Dodge: Dodged            |    41 |    23 |    11 ||    75
  Block: Buckler           |    30 |    12 |    13 ||    55

Table legend: (Time is in decaauts)
 A = Elapsed time spent in this place.
 B = Non-inter-level travel time spent in this place.
 C = Inter-level travel time spent in this place.
 D = Time resting spent in this place.
 E = Time spent auto-exploring this place.
 F = Levels seen in this place.
 G = Mean time per level.
                   A        B        C        D        E       F      G
               +--------+--------+--------+--------+--------+-----+--------+
         Total |   3067 |   2935 |    132 |    239 |   1769 |   5 |  613.4 |
       Dungeon |   3067 |   2935 |    132 |    239 |   1769 |   5 |  613.4 |
               +--------+--------+--------+--------+--------+-----+--------+

Top non-repeatable levels by time:
     D:4: 862 daAuts
     D:2: 856 daAuts
     D:1: 716 daAuts
     D:3: 505 daAuts
     D:5: 127 daAuts
